 Dungeon Crawl Stone Soup version 0.29.1-2-gbd0b4ee654 (webtiles) character file.

Game seed: 11608554915034767203

245748 LustLizard the Severer (level 19, -20/170 HPs)
             Began as a Hill Orc Monk on Nov 15, 2022.
             Was the Champion of Beogh.
             Demolished by a vault warden
             ... wielding a +0 bardiche
              (32 damage)
             ... on level 2 of the Vaults on Nov 17, 2022.
             The game lasted 02:49:39 (44788 turns).

LustLizard the Severer (Hill Orc Monk)             Turns: 44788, Time: 02:49:40

Health: -20/170    AC: 26    Str: 25    XL:     19   Next: 48%
Magic:  30/30      EV: 12    Int: 16    God:    Beogh [******]
Gold:   1437       SH:  0    Dex: 13    Spells: 6/28 levels left

rFire   + + .      SeeInvis +   Y - +5 glaive of the Guard {elec, spectral, AC+5}
rCold   . . .      Faith    .   (shield currently unavailable)
rNeg    . . .      Spirit   .   M - +0 fire dragon scales
rPois   .          Reflect  .   H - -1 helmet of the Resonant God {Will+}
rElec   .          Harm     .   G - scarf {+Inv}
rCorr   .          Rampage  .   z - +2 pair of gloves
Will    +++..      Clarity  +   D - +2 pair of boots
Stlth   +.........              U - amulet of regeneration
HPRegen 1.18/turn               i - +6 ring of strength
MPRegen 0.22/turn               E - ring "Naileis" {Will+ Str+3 SInv}

@: studying Air Magic
A: walk on water, iridescent scales 1, clarity, cold resistance 1, screaming 1
}: 2/15 runes: serpentine, barnacled
a: Renounce Religion, Evoke Invisibility, Smiting, Recall Orcish Followers, Give
Item to Named Follower, Resurrection


You were on level 2 of the Vaults.
You worshipped Beogh.
Beogh was exalted by your worship.
You visited 6 branches of the dungeon, and saw 32 of its levels.
You also visited: Ice Cave and Wizlab.

You collected 3521 gold pieces.
You spent 2084 gold pieces at shops.

Inventory:

Hand Weapons
 g - the +4 hand axe of Karma {vorpal, Int+2}
   (You found it on level 12 of the Dungeon)

   It inflicts extra damage upon your enemies.
   Int:       It affects your intelligence (+2).
 q - a +4 long sword of holy wrath
 w - the +7 sling "Mior" {freeze, rElec rN+}
   (You found it on level 13 of the Dungeon)

   Any ammunition fired from it freezes those it strikes, dealing additional
   cold damage.
   It can also slow down cold-blooded creatures.
   rElec:     It insulates you from electricity.
   rN:        It protects you from negative energy.
 B - a +1 triple sword of freezing
 C - the +1 double sword "Ifyvat" {holy, rC+ Stlth+}
   (You found it on level 5 of the Lair of Beasts)

   It has been blessed by the Shining One to cause great damage to the undead
   and demons.
   rC:        It protects you from cold.
   Stlth:     It makes you more stealthy.
 T - the +8 trident "Xemesap" {vorpal, Int+4}
   (You found it on level 12 of the Dungeon)

   It inflicts extra damage upon your enemies.
   Int:       It affects your intelligence (+4).
 V - the +3 hand crossbow of Exquisite Torment {penet, Str+10 Stlth+}
   (You found it on level 12 of the Dungeon)

   Any ammunition fired by it passes through the targets it hits, potentially
   hitting all targets in its path until it reaches maximum range.
   Str:       It affects your strength (+10).
   Stlth:     It makes you more stealthy.
 Y - the +5 glaive of the Guard (weapon) {elec, spectral, AC+5}
   (You found it on level 12 of the Dungeon)

   It occasionally discharges a powerful burst of electricity upon striking a
   foe.
   When it strikes, its spirit leaps out and fights alongside the wielder.
   AC:        It affects your AC (+5).
Armour
 e - a +0 kite shield of protection
 z - a +2 pair of gloves (worn)
 A - a +3 ring mail of poison resistance
 D - a +2 pair of boots (worn)
 G - a scarf of invisibility (worn)
 H - the -1 helmet of the Resonant God (worn) {Will+}
   (You bought it in a shop on level 6 of the Dungeon)

   Will:      It increases your willpower.
 M - +0 fire dragon scales (worn)
Jewellery
 i - a +6 ring of strength (left hand)
 l - a ring of ice
 o - a ring of fire
 E - the ring "Naileis" (right hand) {Will+ Str+3 SInv}
   (You found it on level 6 of the Dungeon)

   [ring of see invisible]

   Str:       It affects your strength (+3).
   SInv:      It lets you see invisible.
   Will:      It increases your willpower.
 S - a ring of positive energy
 U - an amulet of regeneration (around neck)
 X - a ring of resist corrosion
Wands
 b - a wand of paralysis (21)
 r - a wand of polymorph (9)
 s - a wand of light (15)
 v - a wand of mindburst (21) (quivered)
 K - a wand of iceblast (19)
 L - a wand of digging (14)
 P - a wand of flame (25)
Scrolls
 j - a scroll of summoning
 m - 4 scrolls of magic mapping
 n - 9 scrolls of teleportation
 p - 3 scrolls of brand weapon
 t - 3 scrolls of enchant armour
 x - 9 scrolls of blinking
 y - 3 scrolls of fog
 F - 2 scrolls of fear
 I - 4 scrolls of silence
 J - 5 scrolls of enchant weapon
 Q - a scroll of immolation
Potions
 a - 5 potions of cancellation
 c - a potion of heal wounds
 d - a potion of magic
 f - 6 potions of flight
 h - 5 potions of mutation
 k - 5 potions of might
 u - 2 potions of curing
 O - a potion of invisibility
 R - 4 potions of haste
 Z - a potion of resistance
Miscellaneous
 N - a tin of tremorstones (2/2)
 W - a lightning rod (4/4)


   Skills:
 + Level 15.4 Fighting
 + Level 19.5 Axes
 - Level 12.0 Armour
 - Level 6.0 Dodging
 - Level 4.0 Stealth
 + Level 5.4 Spellcasting
 * Level 10.3 Conjurations
 - Level 5.0 Transmutations
 - Level 5.0 Fire Magic
 - Level 12.0 Air Magic
 - Level 4.1 Poison Magic
 - Level 15.9 Invocations
 + Level 14.3 Evocations


You had 6 spell levels left.
You knew the following spells:

 Your Spells              Type           Power      Damage    Failure   Level
a - Poisonous Vapours     Pois/Air       60%        N/A       1%          2
b - Ignite Poison         Fire/Tmut/Pois 19%        N/A       14%         3
c - Mephitic Cloud        Conj/Pois/Air  32%        N/A       2%          3
d - Swiftness             Air            42%        N/A       1%          3
e - Blink                 Tloc           8%         N/A       43%         2
f - Lightning Bolt        Conj/Air       20%        1d35      9%          5
g - Summon Lightning Spi  Summ/Air       23%        N/A       26%         4

Your spell library contained the following spells:

 Spells                   Type           Power      Damage    Failure   Level
 Airstrike                Air            21%        2d(3-19)  2%          4
 Sting                    Tmut/Pois      72%        1d6       4%          1
 Wereblood                Tmut           20%        N/A       6%          2
 Dazzling Flash           Conj/Hex       40%        N/A       12%         3
 Stone Arrow              Conj/Erth      40%        3d9       12%         3
 Passwall                 Tmut/Erth      10%        N/A       17%         2
 Necrotise                Necr           16%        1d4       32%         1
 Sandblast                Erth           8%         2d5       32%         1
 Slow                     Hex            16%        N/A       32%         1
 Freezing Cloud           Conj/Ice/Air   14%        6-21      38%         5
 Ensorcelled Hibernation  Hex/Ice        8%         N/A       43%         2
 Sublimation of Blood     Necr           4%         N/A       43%         2
 Olgreb's Toxic Radiance  Pois           17%        N/A       52%         4
 Silence                  Hex/Air        11%        N/A       58%         5
 Call Canine Familiar     Summ           4%         N/A       67%         3
 Confusing Touch          Hex            4%         N/A       67%         3
 Gell's Gravitas          Tloc           4%         N/A       67%         3
 Lesser Beckoning         Tloc           4%         N/A       67%         3
 Portal Projectile        Hex/Tloc       8%         N/A       67%         3
 Summon Guardian Golem    Hex/Summ       4%         N/A       67%         3
 Teleport Other           Tloc           4%         N/A       67%         3
 Vampiric Draining        Necr           4%         2d6       67%         3
 Cause Fear               Hex            2%         N/A       97%         4
 Leda's Liquefaction      Hex/Erth       2%         N/A       97%         4
 Agony                    Necr           4%         N/A       100%        5
 Manifold Assault         Tloc           4%         N/A       100%        5
 Orb of Destruction       Conj           18%        9d8       98%         7
 Dragon Form              Tmut           10%        N/A       100%        7
 Ozocubu's Refrigeration  Ice            2%         4d7       100%        7
 Spellforged Servitor     Conj/Summ      10%        N/A       100%        7
 Storm Form               Tmut/Air       15%        N/A       100%        7
 Summon Hydra             Summ           2%         N/A       100%        7
 Ignition                 Fire           10%        3d5       100%        8
 Dragon's Call            Summ           2%         N/A       100%        9


Dungeon Overview and Level Annotations

Branches:
Dungeon (15/15)            Temple (0/1) D:4            Lair (5/5) D:9
 Shoals (4/4) Lair:3        Snake (4/4) Lair:2        Slime (0/5) Lair:5
    Orc (2/2) D:10            Elf (0/3) Orc:2        Vaults (2/5) D:13
 Depths (0/4) D:15          IceCv (visited)          WizLab (visited)
  Crypt: Vaults:2-3

Altars:
Cheibriados
Elyvilon
Fedhas
Gozag
Hepliaklqana
Makhleb
Okawaru
Qazlal
Trog
Uskayaw
Vehumet
Wu Jian
Xom
Yredelemnul
Zin
The Shining One
Beogh
Jiyva

Shops:
D:1 (::(   D:2 *   D:5 *   D:6 [   D:9 *[   D:10 (   Orc:1 (   Orc:2 ?:!*
Shoals:1 !*:!   Snake:1 *

Annotations:
Shoals:1 3 runed translucent doors, TheSexyCheese's ghost, journeyman HOFi


Innate Abilities, Weirdness & Mutations

You can walk on water.
You are partially covered in iridescent scales. (AC +2)
You possess an exceptional clarity of mind.
Your flesh is cold resistant. (rC+)
You occasionally shout uncontrollably at your foes.


Message History

Electricity crackles from the ironbound thunderhulk's apparatus.
The bolt of lightning hits you!!
* * * LOW HITPOINT WARNING * * *
The yaktaur wields a +0 arbalest.
The yaktaur shoots a bolt.
Hilgar blocks the bolt.
The vault warden closely misses you.
The yaktaur wields a +0 arbalest.
The yaktaur shoots a bolt.
Hilgar blocks the bolt.
Reach: Y) +5 glaive of the Guard {elec, spectral, AC+5}
Press: ? - help, Dir - move target, f/p - vault warden
Aim: a vault warden, wielding a +0 bardiche and wearing a +0 chain mail (lightly wounded, ally target, about 33% to evade the +5 glaive of the Guard)
You reach to attack!
You closely miss the vault warden.
The vault warden is lightly wounded.
Your +5 glaive of the Guard {elec, spectral, AC+5} misses the vault warden.
The ironbound convoker points at the yaktaur and mumbles some strange words.
The yaktaur seems to grow stronger.
The vault warden hits you but does no damage.
The yaktaur unwields a +0 arbalest.
Hilgar blocks the yaktaur's attack.
The yaktaur shoots a bolt.
The bolt hits Hilgar but does no damage.
Hilgar hits the yaktaur with the +8 mace of Conscience {vorpal, *Rage rCorr Stlth+}!!!
The yaktaur dies!
Beogh accepts your kill.
Electricity crackles from the ironbound thunderhulk's apparatus.
The bolt of lightning hits you!!
* * * LOW HITPOINT WARNING * * *
Casting: Ignite Poison (mildly dangerous; 14% risk of failure)
Confirm with . or Enter, or press ? or * to list all spells.
Okay, then.
Aiming: Mindburst
Press: ? - help, Q - select action, (/) - cycle Shift-Dir - straight line, f/p - vault warden
Aim: a vault warden, wielding a +0 bardiche and wearing a +0 chain mail (lightly wounded, ally target, chance to affect: 73%)
Okay, then.
Aiming: Mindburst
Press: ? - help, Q - select action, (/) - cycle Shift-Dir - straight line, f - ironbound thunderhulk, p - vault warden
Aim: an ironbound thunderhulk, wielding a +0 dire flail and wearing a +0 animal skin (severely wounded, chance to affect: 85%)
The ironbound thunderhulk's mind is blasted!!!
You blow up the ironbound thunderhulk!
Beogh accepts your kill.
The vault warden hits you from afar with a +0 bardiche!!
You die...

...#
...#########......#
...#.......#......#
...'.......+...<..#
...#.......+......#
...#.......#......#
...#.......#......#
#..#.....<.+....).#
#..#.......+...ยง@.#
#..############o###
#..# #..ppo# #..c)c#
#....c# #..#### #..
#. #.


You could see a vault warden (ally target), an ironbound convoker, 3 yaktaurs,
the friendly Geork the orc warlord (strong) and the friendly Hilgar the orc
warlord (strong).

Vanquished Creatures
  Mara (Shoals:4)
  Nikola (Shoals:4)
  Rupert (D:15)
  A sphinx (Vaults:2)
  A storm dragon (Shoals:4)
  Kirke (D:14)
  4 nagarajas (Snake:4)
  A fenstrider witch (Shoals:1)
  A vault warden (Vaults:2)
  An orc warlord (Vaults:2)
  4 ironbound preservers
  2 very ugly things (Vaults:2)
  2 ironbound thunderhulks
  A stone giant (D:12)
  2 dire elephants
  A deep elf death mage (Vaults:1)
  2 ettins (D:12)
  6 merfolk impalers
  2 hydras
  3 great orbs of eyes
  3 vault guards (D:13)
  A two-headed ogre (D:12)
  A catoblepas (Lair:3)
  2 ogre magi (D:13)
  8 anacondas
  A merfolk avatar (Shoals:4)
  2 satyrs (Shoals:3)
  6 centaur warriors
  9 naga warriors
  2 merfolk aquamancers (Shoals:4)
  2 tengu warriors
  An alligator snapping turtle (Shoals:3)
  A death yak (Shoals:4)
  An orc high priest (Orc:2)
  8 naga sharpshooters
  2 hell knights (Vaults:2)
  A deep elf knight (D:13)
  A shock serpent (Snake:3)
  4 skeletal warriors
  Amaemon (Lair:3)
  2 salamander mystics
  5 deep trolls
  7 sea snakes
  5 ironbound convokers
  A bog body (IceCv)
  2 necromancers
  Pikel (D:5)
  4 harpies (Shoals:2)
  A deep elf archer (D:13)
  2 deep elf pyromancers
  4 lindwurms
  2 orc knights
  8 mana vipers
  A wolf spider (D:15)
  5 salamanders
  3 oklob plants (Snake:3)
  6 manticores
  5 fauns
  A moth of wrath (Lair:4)
  21 ugly things
  10 cyclopes
  A fire giant skeleton (Vaults:1)
  11 naga magi
  4 guardian serpents
  2 merfolk sirens
  3 centaur zombies (D:11)
  16 black mambas
  5 vault sentinels
  2 ice statues (IceCv)
  An orange demon (Lair:3)
  2 cane toads (Lair:1)
  5 water nymphs
  2 freezing wraiths
  2 efreet
  A rime drake (Lair:4)
  A tengu conjurer (D:15)
  An anaconda simulacrum (IceCv)
  5 yaktaurs
  5 ice devils (IceCv)
  4 red devils (D:14)
  3 polar bears (Lair:5)
  18 merfolk
  2 meliai (D:15)
  A wind drake (Shoals:1)
  A troll (D:10)
  3 hornets (Lair:5)
  3 slime creatures
  A snapping turtle (Shoals:2)
  A meliai zombie (D:11)
  7 dream sheep
  5 air elementals (Shoals:4)
  2 shadows
  7 spriggans (Lair:5)
  6 vampires
  7 water elementals
  3 dire elephant simulacra (IceCv)
  2 wraiths
  Eustachio (D:5)
  2 wyverns
  A hog (D:14)
  A basilisk (Lair:1)
  13 yaks
  Grum (Lair:1)
  A hog (shapeshifter) (D:13)
  A fire elemental (D:14)
  A human (D:13)
  A death yak simulacrum (IceCv)
  2 wargs
  2 vampire mosquitoes (D:14)
  A glowing shapeshifter zombie (Vaults:1)
  An acid dragon (D:11)
  23 nagas
  3 harpy simulacra (IceCv)
  3 hydra simulacra (IceCv)
  An orc warrior (D:10)
  6 water moccasins
  A black bear (Lair:5)
  2 ice beasts
  4 sky beasts
  A black mamba simulacrum (Lair:1)
  25 wolves
  8 ogres
  4 boggarts (Lair:5)
  3 centaurs (D:13)
  A lemure (D:5)
  A phantom (D:6)
  An earth elemental (D:11)
  7 bullfrogs
  A gnoll sergeant (D:10)
  A glowing shapeshifter simulacrum (Vaults:1)
  2 necrophages
  A cane toad simulacrum (IceCv)
  3 scorpions (D:5)
  9 wights
  9 troll zombies (WizLab)
  A blink frog simulacrum (Lair:1)
  A killer bee (D:7)
  2 electric eels (Lair:3)
  3 hounds
  4 jellies
  2 orc priests
  2 gnoll boudas
  3 iguanas
  Ijyb (D:5)
  7 orc wizards
  2 spriggan simulacra (IceCv)
  A wolf simulacrum (IceCv)
  4 ogre zombies (WizLab)
  24 gnolls
  5 adders
  4 ufetubi (D:5)
  3 worms
  5 dart slugs
  36 orcs
  7 ball pythons
  11 endoplasms
  5 giant cockroaches
  3 goblins
  7 hobgoblins
  6 jackals
  7 bats
  6 frilled lizards
  14 kobolds
  4 rats
  A spectral orc (D:3)
666 creatures vanquished.

Vanquished Creatures (collateral kills)
  Margery (Vaults:2)
  Polyphemus (Shoals:4)
  A kraken (Shoals:3)
  Frances (D:13)
  4 nagarajas
  A tengu reaver (Vaults:1)
  An orc warlord (Orc:2)
  Louise (Shoals:1)
  2 very ugly things (Vaults:2)
  4 ironbound preservers
  An ironbound thunderhulk (Vaults:1)
  A war gargoyle (Vaults:2)
  A stone giant (Vaults:2)
  Azrael (D:14)
  3 dire elephants (Vaults:1)
  An entropy weaver (Vaults:1)
  Snorg (D:14)
  2 ettins (D:12)
  2 merfolk impalers (Shoals:2)
  4 merfolk javelineers
  An ice dragon (Lair:1)
  Fannar (Orc:1)
  3 vault guards
  5 hydras
  4 boulder beetles
  4 salamander tyrants
  An alligator snapping turtle (Shoals:2)
  6 merfolk avatars
  10 anacondas
  2 catoblepae
  3 ironbound frosthearts
  3 centaur warriors (Vaults:1)
  The ghost of Quahempes the Chopper, a novice TrAE of Qazlal (Lair:1)
  11 naga warriors
  6 merfolk aquamancers
  A death yak (Shoals:4)
  2 satyrs
  2 orc high priests (Orc:2)
  4 shock serpents (Snake:4)
  3 hell knights (Vaults:2)
  7 naga sharpshooters
  4 salamander mystics
  Sonja (D:13)
  A skeletal warrior (Vaults:1)
  8 sea snakes
  14 deep trolls
  6 harpies
  4 naga ritualists
  3 orc knights
  3 ironbound convokers
  A wizard (D:13)
  8 lindwurms
  4 orc sorcerers (Orc:2)
  12 fauns
  2 necromancers
  13 ugly things
  16 cyclopes
  5 mana vipers
  4 elephants (Lair:3)
  2 slime creatures (Vaults:1)
  7 manticores
  17 salamanders
  6 guardian serpents
  A centaur zombie (D:11)
  11 naga magi
  5 vault sentinels
  6 water nymphs
  21 black mambas
  7 merfolk sirens
  Joseph (Lair:1)
  A gargoyle (D:8)
  6 cane toads
  6 komodo dragons
  A kobold demonologist (D:12)
  An efreet (D:13)
  4 yaktaurs
  2 rime drakes (Lair:1)
  A demonic crawler (Lair:4)
  3 trolls
  A meliai (D:15)
  9 wind drakes
  9 merfolk
  2 polar bears (Lair:5)
  5 blink frogs (Lair:4)
  14 dream sheep
  A polar bear (shapeshifter) (D:13)
  5 snapping turtles
  A jumping spider (shapeshifter) (D:14)
  A shadow (D:11)
  8 spriggans (Lair:5)
  6 air elementals
  9 water elementals
  2 wyverns
  19 yaks
  2 vampires
  2 fire elementals
  A basilisk (Lair:2)
  A death yak simulacrum (D:13)
  A vampire mosquito (D:14)
  32 nagas
  A warg (Orc:1)
  3 swamp worms (Lair:4)
  2 hell hounds (D:14)
  6 water moccasins
  8 orc warriors
  A black bear (Lair:5)
  A black mamba simulacrum (Lair:1)
  A boggart (Lair:5)
  6 ogres
  20 wolves
  3 centaurs
  A kobold brigand (D:10)
  8 bullfrogs
  A two-headed ogre simulacrum (D:13)
  A cane toad simulacrum (Lair:1)
  3 wights (D:7)
  A blink frog simulacrum (Lair:1)
  2 killer bees (D:7)
  An elephant simulacrum (D:13)
  8 orc priests
  3 orc wizards
  A troll simulacrum (D:13)
  A wolf simulacrum (D:13)
  A polar bear simulacrum (D:13)
  2 gnolls (Orc:1)
  2 naga simulacra (D:13)
  21 orcs
  2 kobolds (D:10)
  A bush (Lair:3)
  A fungus (Lair:3)
  3 tentacles (Shoals:3)
579 creatures vanquished.

Vanquished Creatures (others)
  4 orc warlords
  Nergalle (twice) (Shoals:4 Snake:3)
  5 orc knights
  A lindwurm (Vaults:2)
  3 orc sorcerers (Orc:2)
  2 dream sheep (Shoals:4)
  A naga (Snake:4)
  11 orc warriors
  14 orc priests
  11 orc wizards
  A gnoll (Orc:1)
  32 orcs
  21 fungi
  223 plants
  3 tentacles (Shoals:3)
  2 withered plants (D:11)
336 creatures vanquished.

Grand Total: 1581 creatures vanquished

Notes
Turn   | Place    | Note
-------+----------+-------------------------------------------
     0 | D:1      | LustLizard the Hill Orc Monk began the quest for the Orb.
     0 | D:1      | Reached XP level 1. HP: 19/19 MP: 1/1
    15 | D:1      | Found Leingir's Book Shoppe.
    15 | D:1      | Found Fod Yneh's Book Shoppe.
   217 | D:1      | Found Rinoh's Weapon Boutique.
   565 | D:1      | Reached XP level 2. HP: 27/27 MP: 2/2
   805 | D:1      | Found Otim's Antique Weapon Boutique.
  1355 | D:1      | Reached XP level 3. HP: 33/33 MP: 3/3
  1565 | D:2      | Found Cuqitt's General Store.
  1999 | D:2      | Found an opulent altar of Gozag.
  2021 | D:1      | Reached skill level 5 in Axes
  2127 | D:2      | Reached XP level 4. HP: 32/40 MP: 4/4
  2667 | D:3      | Found a hide-covered altar of Uskayaw.
  2687 | D:2      | Reached XP level 5. HP: 29/47 MP: 5/5
  2922 | D:3      | Found a basalt altar of Yredelemnul.
  2966 | D:3      | Found a white marble altar of Elyvilon.
  2994 | D:3      | Reached skill level 6 in Axes
  3330 | D:3      | Reached XP level 6. HP: 38/53 MP: 6/6
  4033 | D:4      | Found a staircase to the Ecumenical Temple.
  4043 | D:4      | Reached skill level 5 in Fighting
  4166 | D:4      | Reached skill level 7 in Axes
  4464 | D:4      | Reached XP level 7. HP: 56/61 MP: 7/7
  4510 | D:5      | Entered Level 5 of the Dungeon
  4512 | D:5      | Became a worshipper of Beogh the Brigand
  4512 | D:5      | Reached * piety under Beogh
  4512 | D:5      | Reached ** piety under Beogh
  4582 | D:5      | Noticed Pikel
  4770 | D:5      | Reached skill level 1 in Invocations
  4896 | D:5      | Reached skill level 8 in Axes
  4904 | D:5      | Reached skill level 1 in Evocations
  5255 | D:5      | Found Emerphoo's Lightly-Used Armoury.
  5293 | D:5      | Found an iron altar of Okawaru.
  5304 | D:5      | Reached XP level 8. HP: 70/70 MP: 8/10
  5497 | D:5      | Killed Pikel
  5498 | D:5      | Reached skill level 9 in Axes
  5708 | D:5      | Noticed Ijyb
  5717 | D:5      | Killed Ijyb
  5874 | D:5      | Noticed Eustachio
  5944 | D:5      | Killed Eustachio
  6311 | D:5      | Reached skill level 5 in Invocations
  6461 | D:5      | Reached XP level 9. HP: 78/78 MP: 12/12
  6629 | D:5      | Reached *** piety under Beogh
  6926 | D:6      | Found Inlemm's Antique Armour Boutique.
  6934 | D:6      | Identified the ring "Naileis" {Will+ Str+3 SInv}
  6962 | D:6      | Bought a twisted helmet for 256 gold pieces
  6962 | D:6      | Identified the -1 helmet of the Resonant God {Will+} (You
                  | bought it in a shop on level 6 of the Dungeon)
  7007 | D:5      | Reached skill level 10 in Axes
  7834 | D:6      | Reached skill level 1 in Armour
  8063 | D:6      | Found a burning altar of Makhleb.
  8063 | D:6      | Found a glowing silver altar of Zin.
  8063 | D:6      | Found a glowing golden altar of the Shining One.
  8063 | D:6      | Found a radiant altar of Vehumet.
  8212 | D:6      | Reached skill level 5 in Evocations
  8212 | D:6      | Found an opulent altar of Gozag.
  8212 | D:6      | Found a shimmering altar of Xom.
  9502 | D:8      | Reached **** piety under Beogh
  9748 | D:8      | Reached skill level 11 in Axes
  9787 | D:8      | Found a bloodstained altar of Trog.
  9956 | D:8      | Reached XP level 10. HP: 80/86 MP: 15/15
  9987 | D:8      | Noticed a gargoyle
  9995 | D:8      | Killed a gargoyle
 10279 | D:8      | Gained Murdo as an ally
 10317 | D:8      | Found a snail-covered altar of Cheibriados.
 10446 | D:9      | Found a stormy altar of Qazlal.
 10539 | D:9      | Found a staircase to the Lair.
 10549 | D:9      | Found Disodout's Antique Armour Emporium.
 10688 | D:9      | Found Wyxualepp's General Store.
 10742 | D:9      | Found a blossoming altar of Fedhas.
 10967 | D:10     | Entered Level 10 of the Dungeon
 11111 | D:10     | Found Puemp's Weapon Shop.
 11111 | D:10     | Found a staircase to the Orcish Mines.
 11686 | D:10     | Gained Wargrak as an ally
 11691 | D:10     | Gained Geork as an ally
 11767 | D:10     | Identified the +8 mace of Conscience {vorpal, *Rage rCorr
                  | Stlth+}
 12338 | Lair:1   | Entered Level 1 of the Lair of Beasts
 12351 | Lair:1   | Noticed a black mamba
 12359 | Lair:1   | Killed a black mamba
 12360 | Lair:1   | Reached skill level 12 in Axes
 12532 | Lair:1   | Noticed Grum
 12537 | Lair:1   | Killed Grum
 12641 | Lair:1   | Noticed a cane toad
 12649 | Lair:1   | Killed a cane toad
 12815 | Lair:1   | Reached XP level 11. HP: 95/95 MP: 18/18
 12833 | Lair:1   | Noticed Joseph
 12840 | Lair:1   | Killed Joseph
 13096 | Lair:1   | Found a runed translucent gate.
 13096 | Lair:1   | Found a runed translucent gate.
 13096 | Lair:1   | Found a runed translucent gate.
 13124 | Lair:1   | Reached skill level 10 in Invocations
 13313 | Lair:1   | Noticed an ice dragon
 13314 | Lair:1   | Noticed Quahempes's ghost (novice TrAE)
 13404 | Lair:1   | Noticed Nergalle
 13688 | Lair:2   | Noticed a seven-headed hydra
 13690 | Lair:2   | Killed a seven-headed hydra
 13757 | Lair:2   | Found a staircase to the Snake Pit.
 13829 | Lair:2   | Found a shimmering altar of Xom.
 13862 | Lair:2   | Reached ***** piety under Beogh
 14358 | Lair:2   | Reached skill level 13 in Axes
 14469 | Lair:2   | Reached skill level 5 in Armour
 14469 | Lair:2   | Your ally Murdo died
 14735 | Lair:2   | Noticed a six-headed hydra
 14747 | Lair:2   | Killed a six-headed hydra
 15303 | Lair:3   | Noticed a catoblepas
 15310 | Lair:3   | Killed a catoblepas
 15545 | Lair:3   | Noticed a catoblepas
 15549 | Lair:3   | Noticed Amaemon
 15557 | Lair:3   | Killed a catoblepas
 15569 | Lair:3   | Killed Amaemon
 15685 | Lair:3   | Reached XP level 12. HP: 104/104 MP: 20/20
 16081 | Lair:3   | Reached skill level 14 in Axes
 16686 | Lair:3   | Found a staircase to the Shoals.
 17182 | Lair:4   | Noticed a boulder beetle
 17186 | Lair:4   | Killed a boulder beetle
 17664 | Lair:4   | Killed a four-headed hydra
 17683 | Lair:4   | Learned a level 2 spell: Poisonous Vapours
 18109 | Lair:4   | Reached skill level 1 in Air Magic
 18109 | Lair:4   | Reached skill level 1 in Poison Magic
 18114 | Lair:4   | Reached skill level 10 in Fighting
 18447 | Lair:5   | Entered Level 5 of the Lair of Beasts
 18598 | Lair:5   | Found a runed translucent door.
 18601 | Lair:5   | Found a viscous altar of Jiyva.
 18667 | Lair:5   | Reached skill level 15 in Axes
 18773 | Lair:5   | Reached XP level 13. HP: 113/113 MP: 22/22
 19162 | Lair:5   | Identified the +1 double sword "Ifyvat" {holy, rC+ Stlth+}
 19188 | Lair:5   | Reached skill level 10 in Evocations
 19199 | Lair:5   | Gained Bogbarth as an ally
 19232 | Lair:5   | Reached ****** piety under Beogh
 19672 | Lair:5   | Paralysed by a hornet for 1 turns
 20307 | Lair:5   | Identified a scroll of acquirement
 20399 | Lair:5   | Found a staircase to the Slime Pits.
 20773 | Lair:1   | Killed an ice dragon
 20795 | Lair:1   | Killed Quahempes's ghost
 21234 | Orc:1    | Entered Level 1 of the Orcish Mines
 21359 | Orc:1    | Noticed Fannar
 21372 | Orc:1    | Killed Fannar
 21372 | Orc:1    | Gained Hilgar as an ally
 21556 | Orc:1    | Found a roughly hewn altar of Beogh.
 21660 | Orc:2    | Entered Level 2 of the Orcish Mines
 21759 | Orc:2    | Found a shimmering altar of Xom.
 21796 | Orc:2    | Found Hofavian's General Store.
 21819 | Orc:2    | Reached skill level 16 in Axes
 21821 | Orc:2    | Paralysed by an orc sorcerer for 2 turns
 22207 | Orc:2    | Found Banikuof's Distillery.
 22211 | Orc:2    | Bought a scroll of identify for 22 gold pieces
 22211 | Orc:2    | Bought a scroll of identify for 22 gold pieces
 22216 | Orc:2    | Found Gaege's Book Emporium.
 22218 | Orc:2    | Found Seisipsiv's Magic Scroll Boutique.
 22237 | Orc:2    | Bought a scroll of identify for 32 gold pieces
 22237 | Orc:2    | Bought a scroll of blinking for 120 gold pieces
 22237 | Orc:2    | Bought a scroll of identify for 32 gold pieces
 22237 | Orc:2    | Bought a scroll of summoning for 152 gold pieces
 22237 | Orc:2    | Bought a scroll of identify for 32 gold pieces
 22361 | Orc:2    | Gained Boderik as an ally
 22654 | Orc:2    | Noticed an orc warlord
 22661 | Orc:2    | Killed an orc warlord
 22996 | Orc:2    | Found a staircase to the Elven Halls.
 23362 | D:1      | Bought a Trismegistus Codex for 336 gold pieces
 23366 | D:1      | Learned a level 3 spell: Ignite Poison
 23370 | D:1      | Learned a level 3 spell: Mephitic Cloud
 23594 | D:11     | Found a large runed translucent door.
 23730 | D:11     | Reached skill level 1 in Fire Magic
 24031 | D:11     | Reached skill level 1 in Transmutations
 24036 | D:11     | Reached skill level 1 in Conjurations
 24036 | D:11     | Reached XP level 14. HP: 124/124 MP: 24/24
 24165 | D:11     | Found a large runed translucent door.
 24394 | D:11     | Paralysed by an air elemental for 1 turns
 24582 | D:12     | Identified the +3 leather armour of Vexation {*Slow Dex+7}
 26581 | D:12     | Noticed a stone giant
 26583 | D:12     | Found the +5 glaive of the Guard {elec, spectral, AC+5}
 26594 | D:12     | Killed a stone giant
 26662 | D:12     | Identified the +3 hand crossbow of Exquisite Torment
                  | {penet, Str+10 Stlth+}
 26673 | D:12     | Identified the +4 hand axe of Karma {vorpal, Int+2}
 26719 | D:12     | Acquired a manual of Air Magic
 26731 | D:12     | Identified the +8 trident "Xemesap" {vorpal, Int+4}
 26842 | D:13     | Found a frozen archway.
 27007 | IceCv    | Entered an ice cave
 28311 | D:13     | Found Igi Ila's Magic Scroll Boutique.
 28460 | D:13     | Reached skill level 5 in Air Magic
 28465 | D:13     | Reached skill level 17 in Axes
 28607 | D:13     | Found a gate to the Vaults.
 28913 | D:13     | Your ally Wargrak died
 28947 | D:13     | Reached XP level 15. HP: 56/130 MP: 25/25
 29531 | D:13     | Identified the +7 sling "Mior" {freeze, rElec rN+}
 29709 | D:13     | Noticed Frances
 29714 | D:13     | Killed Frances
 29951 | D:13     | Noticed Sonja
 29968 | D:13     | Killed Sonja
 30181 | D:14     | Noticed Azrael
 30188 | D:14     | Killed Azrael
 30491 | D:14     | Identified the +2 buckler of Uskayaw's Pride {rElec Int-3
                  | Dex+4}
 30609 | D:14     | Noticed Kirke
 30617 | D:14     | Killed Kirke
 30765 | D:14     | Found a hazy altar of Hepliaklqana.
 30968 | D:14     | Noticed Snorg
 30979 | D:14     | Killed Snorg
 31328 | D:15     | Entered Level 15 of the Dungeon
 31446 | D:15     | Reached skill level 15 in Invocations
 31510 | D:15     | Noticed Rupert
 31519 | D:15     | Killed Rupert
 31890 | D:15     | Found an ornate altar of the Wu Jian Council.
 32033 | D:15     | Reached skill level 5 in Fire Magic
 32039 | D:15     | Found a staircase to the Depths.
 32256 | D:15     | Reached skill level 18 in Axes
 32692 | Shoals:1 | Entered Level 1 of the Shoals
 32692 | Shoals:1 | Found Gion's Assorted Antiques.
 32700 | Shoals:1 | Noticed Louise
 32704 | Shoals:1 | Killed Louise
 32716 | Shoals:1 | Found a runed translucent gate.
 32716 | Shoals:1 | Found a runed translucent gate.
 32716 | Shoals:1 | Found a runed translucent gate.
 32716 | Shoals:1 | Found Zosega's Book Shoppe.
 32791 | Shoals:1 | Found Xuomerit's Distillery.
 32842 | Shoals:1 | Bought 2 potions of mutation for 192 gold pieces
 32842 | Shoals:1 | Bought a potion of mutation for 96 gold pieces
 32852 | Shoals:1 | Gained mutation: You are strong-willed. (Will+) [potion of
                  | mutation]
 32852 | Shoals:1 | Gained mutation: You are frail. (-10% HP) [potion of
                  | mutation]
 32853 | Shoals:1 | Lost mutation: You are strong-willed. (Will+) [potion of
                  | mutation]
 32853 | Shoals:1 | Lost mutation: You are frail. (-10% HP) [potion of
                  | mutation]
 32853 | Shoals:1 | Gained mutation: Your flesh is cold resistant. (rC+)
                  | [potion of mutation]
 32853 | Shoals:1 | Gained mutation: You are clumsy. (Dex -2) [potion of
                  | mutation]
 32854 | Shoals:1 | Lost mutation: Your flesh is cold resistant. (rC+) [potion
                  | of mutation]
 32854 | Shoals:1 | Lost mutation: You are clumsy. (Dex -2) [potion of
                  | mutation]
 32854 | Shoals:1 | Gained mutation: You are weak. (Str -2) [potion of
                  | mutation]
 32854 | Shoals:1 | Gained mutation: You possess an exceptional clarity of
                  | mind. [potion of mutation]
 32854 | Shoals:1 | Gained mutation: Your spells are a little harder to cast,
                  | but a little more powerful. [potion of mutation]
 32855 | Shoals:1 | Lost mutation: You are weak. (Str -2) [potion of mutation]
 32855 | Shoals:1 | Lost mutation: Your spells are a little harder to cast, but
                  | a little more powerful. [potion of mutation]
 32855 | Shoals:1 | Gained mutation: Your flesh is cold resistant. (rC+)
                  | [potion of mutation]
 32855 | Shoals:1 | Gained mutation: You occasionally shout uncontrollably at
                  | your foes. [potion of mutation]
 32855 | Shoals:1 | Gained mutation: You are partially covered in iridescent
                  | scales. (AC +2) [potion of mutation]
 32918 | Shoals:1 | Noticed a fenstrider witch
 32919 | Shoals:1 | Killed a fenstrider witch
 33180 | Shoals:1 | Found Tyoffafewk's Distillery.
 33194 | Shoals:1 | Reached XP level 16. HP: 134/139 MP: 27/27
 33425 | Shoals:1 | Noticed TheSexyCheese's ghost (journeyman HOFi)
 35088 | Shoals:3 | Reached skill level 10 in Armour
 35092 | Shoals:3 | Your ally Bogbarth died
 35095 | Shoals:3 | Killed a kraken
 35096 | Shoals:3 | Reached skill level 10 in Air Magic
 35604 | Shoals:4 | Entered Level 4 of the Shoals
 35610 | Shoals:4 | Learned a level 3 spell: Swiftness
 35742 | Shoals:4 | Paralysed by an air elemental for 1 turns
 35746 | Shoals:4 | Paralysed by an air elemental for 1 turns
 35749 | Shoals:4 | Paralysed by an air elemental for 1 turns
 35752 | Shoals:4 | Your ally Bogbarth died
 35755 | Shoals:4 | Your ally Nergalle died
 35930 | Shoals:4 | Paralysed by an air elemental for 1 turns
 35933 | Shoals:4 | Paralysed by an air elemental for 1 turns
 35968 | Shoals:4 | Paralysed by an air elemental for 1 turns
 36041 | Shoals:4 | Paralysed by an air elemental for 1 turns
 36176 | Shoals:4 | Noticed Polyphemus
 36185 | Shoals:4 | Reached skill level 1 in Spellcasting
 36188 | Shoals:4 | Killed Polyphemus
 36222 | Shoals:4 | Noticed a storm dragon
 36231 | Shoals:4 | Killed a storm dragon
 36322 | Shoals:4 | Got a barnacled rune of Zot
 36380 | Shoals:4 | Reached XP level 17. HP: 150/150 MP: 28/28
 36381 | Shoals:4 | Noticed Mara
 36390 | Shoals:4 | Reached skill level 5 in Dodging
 36390 | Shoals:4 | Killed Mara
 36517 | Shoals:4 | Paralysed by an air elemental for 1 turns
 36518 | Shoals:4 | Noticed Nikola
 36520 | Shoals:4 | Paralysed by an air elemental for 1 turns
 36524 | Shoals:4 | Killed Nikola
 36525 | Shoals:4 | Paralysed by an air elemental for 1 turns
 36651 | Shoals:4 | Paralysed by an air elemental for 1 turns
 36670 | Shoals:4 | Paralysed by an air elemental for 1 turns
 37231 | Orc:2    | Bought an Inescapable Atlas for 408 gold pieces
 37234 | Orc:2    | Learned a level 2 spell: Blink
 37234 | Orc:2    | Bought a book of Storms for 384 gold pieces
 37240 | Orc:2    | Learned a level 5 spell: Lightning Bolt
 37401 | Snake:1  | Entered Level 1 of the Snake Pit
 37752 | Snake:1  | Found Tyuqet's Overcharged Wands.
 38211 | Snake:1  | Identified the +2 robe "Xeariase" {rC++ Str+3}
 38225 | Snake:1  | Reached skill level 5 in Conjurations
 38668 | Snake:2  | Identified the +2 leather armour of Contentment {rC+}
 39500 | Snake:3  | Your ally Nergalle died
 39771 | Snake:3  | Found a hide-covered altar of Uskayaw.
 39958 | Snake:3  | Reached XP level 18. HP: 149/160 MP: 29/29
 40521 | Snake:4  | Entered Level 4 of the Snake Pit
 40821 | Snake:4  | Your ally Boderik died
 41307 | Snake:4  | Got a serpentine rune of Zot
 41904 | Vaults:1 | Entered Level 1 of the Vaults
 41940 | Vaults:1 | Found a magical portal.
 41946 | WizLab   | Entered Zonguldrok's Shrine
 42048 | WizLab   | Learned a level 4 spell: Summon Lightning Spire
 42252 | Vaults:1 | Reached skill level 5 in Transmutations
 42457 | Vaults:1 | Reached skill level 19 in Axes
 42618 | Vaults:1 | Your ally Geork died
 42820 | Vaults:1 | HP: 8/162 [ironbound thunderhulk/bolt of lightning (36)]
 42826 | Vaults:1 | Reached XP level 19. HP: 47/169 MP: 30/30
 42952 | Vaults:1 | Reached skill level 15 in Fighting
 43520 | Vaults:1 | Reached skill level 5 in Spellcasting
 44129 | Vaults:2 | Noticed Margery
 44138 | Vaults:2 | Killed Margery
 44139 | Vaults:2 | Reached skill level 10 in Conjurations
 44788 | Vaults:2 | Demolished by a vault warden

Illustrated notes

Levels and vault maps discovered:
D:1:      minmay_arrival_doors, layout_basic, serial_shops, shop, shop,
          nicolae_shop_hallway_stairs, shop, serial_curves, eino_curves_02,
          eino_curves_03
D:2:      layout_loops_cross, basic_altar, serial_shops,
          nicolae_shop_statue_plus, minmay_heptomino_w4
D:3:      layout_loops_ring, yredelemnul_forgotten_temple_becter,
          mainiacjoe_overflow_tiny_flanked, mainiacjoe_overflow_chevrons,
          grunt_ministairs_15
D:4:      layout_basic, minmay_temple_entry_overgrown
D:5:      minmay_skewed_foursquare, layout_loops_ring, okawaru_gym_becter,
          minmay_shop_damaged, grunt_ministairs_6, uniq_pikel, uniq_ijyb,
          uniq_eustachio
D:6:      layout_rooms, minmay_overflow_temple_hex, serial_shops,
          nicolae_shop_trees
D:7:      layout_loops_cross
D:8:      layout_loops_ring, mainiacjoe_overflow_brackets, lemuel_round_altar,
          serial_co_window_serial, co_window_paths_b, co_window_corner_a,
          co_window_paths_a, co_window_paths_b, co_window_corner_a,
          co_window_corner_a, co_window_corner_a, co_window_corner_b,
          co_window_2corner, co_window_broadway_c, glass_columns_a,
          glass_columns_b, glass_columns_b
D:9:      layout_roguey, overflow_temple_1_default,
          nicolae_overflow_hidden_temple, david_lair_shrubbed, serial_shops,
          shop, nicolae_shop_behind_doors
D:10:     layout_basic, orc_david_3
D:11:     layout_long_grid, serial_undead, serial_undead_e, serial_undead_d,
          serial_undead_e, serial_undead_f, lightli_elemental_guards
D:12:     giant_chief_lemuel, layout_irregular_city
D:13:     minmay_tri_box, layout_rooms, grunt_vaults_entry_fortified,
          serial_shops, nicolae_take_the_stairs,
          portal_ice_cave_entry_ice_simulacra, uniq_sonja, uniq_frances
D:14:     layout_loops_ring, nzn_hepliaklqana_mist_gate, minmay_misc_feat_chi,
          einodemon_armed_red_devil_minivault, uniq_snorg, uniq_azrael,
          uniq_kirke
D:15:     hangedman_depths_entry_try_elsewhere_first, layout_stronghold,
          nicolae_wu_jian_wuxing_cycle, st_stairs_14, uniq_rupert
Lair:1:   layout_chaotic_city, gammafunk_ghost_icy, uniq_nergalle, uniq_grum,
          uniq_joseph
Lair:2:   layout_regular_city, dummy_snake_entry, basic_altar
Lair:3:   wander_river, layout_gridlike, elwin_shoals_entry_rooms,
          serial_bayou_shore_b, lemuel_fruit_fields, uniq_amaemon
Lair:4:   layout_gridlike, worms_lemuel, lemuel_fruit_fields, lemuel_fruit_tree
Lair:5:   minmay_lair_end_enchanted_forest, layout_misc_corridors, slime_entry_2
Shoals:1: layout_shoals, gammafunk_ghost_tricky_traps, serial_shops,
          nicolae_diamond_shop, shop, nicolae_shop_stone, nicolae_diamond_shop,
          nicolae_shoals_beach_house_on_fowls_legs, uniq_louise
Shoals:2: layout_shoals
Shoals:3: layout_shoals
Shoals:4: shoals_end_hellmonk_storm_palace [storm_palace_center_square,
          storm_palace_corner_narrow, storm_palace_corner_grid,
          storm_palace_corner_reverse_hut, storm_palace_corner_reverse_hut],
          uniq_mara, uniq_polyphemus, uniq_nikola
Snake:1:  layout_onion_interference, st_stairs_10,
          nicolae_shop_overcharged_wands, grunt_megastairs_3
Snake:2:  layout_onion, grunt_megastairs_1
Snake:3:  dpeg_oklob_gauntlet, layout_misc_corridors, basic_altar,
          nicolae_snake_slithery_hallway
Snake:4:  grunt_snake_rune_pools, layout_rooms
Orc:1:    layout_caves, basic_altar, uniq_fannar
Orc:2:    st_orc_elflike, layout_diamond_mine, basic_altar
Vaults:1: mu_enter_wizlab_1, ontoclasm_vaults_loading_screen, vaults_room_boxed,
          v_misc_2, vaults_mumra_hex, v_misc_27, v_rooms_3,
          nicolae_vaults_asterisk, hangedman_vaults_capsules,
          nicolae_vaults_specimen_jars, vaults_dpeg_ring, nicolae_vaults_theta,
          nicolae_vaults_angled_halls, layout_vaults_omnibox
Vaults:2: v_misc_3, minmay_crypt_entry_necro_gods, st_lines,
          ontoclasm_vaults_hangar, nicolae_vaults_network_barrier,
          grunt_vaults_funnel, nicolae_vaults_network_s, hangedman_vaults_snaps,
          vaults_room_semicircle, hangedman_vaults_cutoff, v_alt_pattern_3,
          layout_vaults_big_room, uniq_margery

Skill      XL: |  1  2  3  4  5  6  7  8  9 10 11 12 13 14 15 16 17 18 19 |
---------------+----------------------------------------------------------+-----
Fighting       | 4 5 6 7 8 9 10 11 12 13 14 15 | 15.4
Stealth        | 2 3 4 |  4.0
Axes           | 5 6 7 8 9 11 12 13 15 16 17 18 19 | 19.5
Dodging        | 3 4 6 |  6.0
Invocations    | 2 5 7 9 11 12 14 15 | 15.9
Evocations     | 2 3 5 7 8 9 10 11 12 13 14 | 14.3
Armour         | 2 4 5 6 7 8 9 10 11 12 | 12.0
Air Magic      | 2 3 5 8 11 12 | 12.0
Poison Magic   | 2 3 4 |  4.1
Fire Magic     | 1 3 5 |  5.0
Transmutations | 1 2 3 4 5 |  5.0
Conjurations   | 1 3 4 6 9 10 | 10.3
Spellcasting   | 1 3 4 5 |  5.4

Action                   |  1- 3 |  4- 6 |  7- 9 | 10-12 | 13-15 | 16-18 | 19-21 || total
-------------------------+-------+-------+-------+-------+-------+-------+-------++-------
Melee: Hand axe          |    34 |       |       |       |       |       |       ||    34
       Whip              |    65 |   196 |   363 |       |       |       |       ||   624
       Punch             |     1 |       |     5 |     4 |     5 |       |       ||    15
       War axe           |       |       |    17 |    81 |       |       |       ||    98
       Mace              |       |       |     9 |   265 |   328 |       |       ||   602
       Glaive            |       |       |       |       |   259 |   504 |    94 ||   857
Throw: Throwing net      |       |       |     4 |       |       |       |       ||     4
 Cast: Poisonous Vapours |       |       |       |       |    11 |    22 |       ||    33
       Mephitic Cloud    |       |       |       |       |     1 |     4 |     1 ||     6
       Lightning Bolt    |       |       |       |       |       |    19 |     6 ||    25
       Ignite Poison     |       |       |       |       |       |       |     1 ||     1
       Summon Lightning  |       |       |       |       |       |       |     1 ||     1
Invok: Convert to Beogh  |       |       |     1 |       |       |       |       ||     1
       Recall Orcish Fol |       |       |       |     4 |     7 |    12 |     2 ||    25
       Stop Recall       |       |       |       |     1 |     3 |     2 |       ||     6
       Give Item to Name |       |       |       |     2 |     4 |       |       ||     6
       Smiting           |       |       |       |       |     3 |     9 |       ||    12
       Resurrection      |       |       |       |       |       |     3 |       ||     3
 Abil: Evoke Invisibilit |       |       |       |       |       |     2 |       ||     2
Evoke: Wand              |       |       |     1 |     1 |    13 |    53 |     1 ||    69
       Lightning rod     |       |       |       |       |     1 |       |       ||     1
  Use: Scroll            |       |       |     7 |    10 |    12 |    13 |       ||    42
       Potion            |       |       |     2 |       |    12 |    19 |       ||    33
 Stab: Sleeping          |     3 |     3 |     5 |     3 |    11 |     4 |     1 ||    30
       Distracted        |       |       |     1 |     2 |     8 |    13 |     5 ||    29
       Paralysed         |       |       |     5 |       |       |       |       ||     5
       Held in net/web   |       |       |     1 |       |       |       |       ||     1
       Confused          |       |       |       |       |       |     1 |       ||     1
       Invisible         |       |       |       |       |       |     1 |       ||     1
Armor: Robe              |    14 |       |       |       |       |       |       ||    14
       Ring mail         |     1 |    49 |   103 |   168 |   248 |   288 |    15 ||   872
       Chain mail        |       |    50 |       |       |       |       |       ||    50
       Fire dragon scale |       |       |       |       |       |       |    22 ||    22
Dodge: Dodged            |    49 |    91 |   176 |   238 |   321 |   309 |    30 ||  1214
